 Dungeon Crawl Stone Soup version 0.29-a0-551-gffc1d7fb78 (webtiles) character file.

Game seed: 16533516737690210584

41 Hubjo the Covered (level 3, -2/24 HPs)
             Began as a Demonspawn Wanderer on June 5, 2022.
             Slain by a gnoll
             ... wielding a +0 halberd
              (6 damage)
             ... on level 2 of the Dungeon.
             The game lasted 00:02:21 (1402 turns).

Hubjo the Covered (Demonspawn Wanderer)             Turns: 1402, Time: 00:02:22

Health: -2/24      AC:  9    Str: 16    XL:     3   Next: 32%
Magic:  4/4        EV:  9    Int: 12    God:
Gold:   47         SH:  0    Dex: 11    Spells: 4/4 levels left

rFire   . . .      SeeInvis .   a - +0 shortbow
rCold   . . .      Faith    .   (shield currently unavailable)
rNeg    . . .      Spirit   .   b - +2 scale mail
rPois   .          Reflect  .   (no helmet)
rElec   .          Harm     .   (no cloak)
rCorr   .          Rampage  .   (no gloves)
Will    .....                   (no boots)
Stlth   ..........              (no amulet)
HPRegen 0.08/turn               e - ring of flight
MPRegen 0.18/turn               (no ring)

@: flying
A: magic regeneration
a: no special abilities


You were on level 2 of the Dungeon.
You visited 1 branch of the dungeon, and saw 2 of its levels.

You collected 47 gold pieces.

Inventory:

Hand Weapons
 a - a +0 shortbow (weapon)
Armour
 b - a +2 scale mail (worn)
Jewellery
 e - a ring of flight (left hand)
Scrolls
 d - 2 scrolls of silence
 g - a scroll of identify {unknown}
Potions
 c - 2 potions of curing
 f - 2 potions of might {unknown}


   Skills:
 + Level 2.7 Bows
 - Level 4.5 Armour
 - Level 1.0 Dodging
 + Level 2.0 Stealth
 - Level 1.0 Spellcasting
 - Level 1.0 Evocations


You had 4 spell levels left.
You didn't know any spells.
Your spell library contained the following spells:

 Spells                   Type           Power      Damage    Failure   Level
 Sublimation of Blood     Necr           0%         N/A       83%         2
 Wereblood                Tmut           0%         N/A       83%         2
 Summon Hydra             Summ           0%         N/A       100%        7


Dungeon Overview and Level Annotations

Branches:
Dungeon (2/15)

Altars:


Innate Abilities, Weirdness & Mutations

You regenerate magic rapidly.


Message History

You shoot an arrow. The arrow barely misses the hobgoblin.
The hobgoblin barely misses you.
The hobgoblin hits you but does no damage.
You shoot an arrow. The arrow hits the hobgoblin.
You kill the hobgoblin!
No target in view!
HP restored.
You see here a hobgoblin corpse.
Found 3 poisoned darts.
A gnoll comes into view. It is wielding a +0 halberd.
The gnoll shouts!
You hear a shout! x2
A gnoll comes into view. It is wielding a +0 halberd.
A gnoll comes into view. It is wielding a +0 whip.
There are monsters nearby!
There are monsters nearby!
There are monsters nearby!
You shoot an arrow. The arrow hits the gnoll.
The gnoll is lightly wounded.
You shoot an arrow.
The arrow hits the gnoll but does no damage.
The gnoll is lightly wounded.
You shoot an arrow. The arrow closely misses the gnoll.
The arrow barely misses the gnoll.
An endoplasm comes into view.
You shoot an arrow.
The arrow hits the gnoll but does no damage.
You shoot an arrow. The arrow closely misses the gnoll.
The gnoll hits you from afar with a +0 halberd.
The gnoll barely misses you. x2; The gnoll closely misses you.
You shoot an arrow. The arrow hits the gnoll!
The gnoll is heavily wounded.
The gnoll closely misses you. The gnoll hits you with a +0 whip.
The gnoll closely misses you.
You shoot an arrow. The arrow hits the gnoll.
The gnoll is severely wounded.
The gnoll hits you from afar with a +0 halberd!
Ouch! That really hurt!
* * * LOW HITPOINT WARNING * * *
The gnoll hits you from afar with a +0 halberd.
You die...

....#..# #........
###.†..#####........
###+#..............
..(...######......
..................
......####....#.##
#######
#.####.########
#..............
######.@....$..
#.Jgg.....
#..g......
#.........
#.........
#.........
#.........
#.........


You could see 3 gnolls and an endoplasm.

Vanquished Creatures
  An adder (D:2)
  2 endoplasms (D:1)
  A giant cockroach (D:1)
  4 goblins (D:1)
  2 hobgoblins (D:2)
  4 jackals (D:1)
  2 kobolds (D:1)
  2 quokkas (D:1)
  3 ball pythons (D:1)
  4 bats (D:1)
  2 frilled lizards (D:1)
  2 rats (D:1)
29 creatures vanquished.

Vanquished Creatures (others)
  A plant (D:1)
  A withered plant (D:1)
2 creatures vanquished.

Grand Total: 31 creatures vanquished

Notes
Turn   | Place    | Note
-------+----------+-------------------------------------------
     0 | D:1      | Hubjo the Demonspawn Wanderer began the quest for the Orb.
     0 | D:1      | Hubjo set off with the following items: a +0 shortbow, a +2
                  | scale mail, a potion of curing, a scroll of silence
     0 | D:1      | Reached XP level 1. HP: 13/13 MP: 2/2
   180 | D:1      | Reached skill level 1 in Stealth
   189 | D:1      | Found a faded altar of an unknown god.
   200 | D:1      | Gained mutation: You regenerate magic rapidly. [demonic
                  | ancestry]
   200 | D:1      | Reached XP level 2. HP: 15/19 MP: 3/3
  1260 | D:1      | Reached XP level 3. HP: 24/24 MP: 4/4
  1402 | D:2      | Slain by a gnoll

Illustrated notes

Levels and vault maps discovered:
D:1:      wander_arrival_desolate, layout_loops_ring,
          shapermc_ecumenical_altar_gd, wander_ebering_terrifying_dragon_lair
D:2:      layout_basic, minmay_heptomino_l4

Skill      XL: |  1  2  3 |
---------------+----------+-----
Bows           | 2 |  2.7
Stealth        | 1 2 |  2.0
Armour         | |  4.5
Dodging        | |  1.0
Spellcasting   | |  1.0
Evocations     | |  1.0

Action                   || total
-------------------------++-------
Melee: Shortbow          ||    20
 Fire: Shortbow          ||   111
Armor: Scale mail        ||    81
Dodge: Dodged            ||    60

Table legend: (Time is in decaauts)
 A = Elapsed time spent in this place.
 B = Non-inter-level travel time spent in this place.
 C = Inter-level travel time spent in this place.
 D = Time resting spent in this place.
 E = Time spent auto-exploring this place.
 F = Levels seen in this place.
 G = Mean time per level.
                   A        B        C        D        E       F      G
               +--------+--------+--------+--------+--------+-----+--------+
         Total |   1474 |   1474 |      0 |      0 |   1186 |   2 |  737.0 |
       Dungeon |   1474 |   1474 |      0 |      0 |   1186 |   2 |  737.0 |
               +--------+--------+--------+--------+--------+-----+--------+

Top non-repeatable levels by time:
     D:1: 1360 daAuts
     D:2: 114 daAuts
